 Dungeon Crawl Stone Soup version 0.30-a0-824-g6c64550be9 (webtiles) character file.

Game seed: 11143229755815678008

354 DrKenneth the Trooper (level 6, -7/56 HPs)
             Began as a Minotaur Fighter on Feb 27, 2023.
             Mangled by a gnoll
             ... wielding a +0 halberd
             ... led by a gnoll bouda
              (12 damage)
             ... on level 4 of the Dungeon.
             The game lasted 00:05:01 (2382 turns).

DrKenneth the Trooper (Minotaur Fighter)            Turns: 2382, Time: 00:05:02

Health: -7/56      AC:  7    Str: 22    XL:     6   Next: 35%
Magic:  5/5        EV:  9    Int:  5    God:
Gold:   217        SH:  5    Dex: 10    Spells: 5/5 levels left

rFire   . . .      SeeInvis .    a - +0 war axe
rCold   . . .      Faith    .    c - +0 buckler
rNeg    . . .      Spirit   .    b - +0 scale mail
rPois   .          Reflect  .    (helmet restricted)
rElec   .          Harm     .    (no cloak)
rCorr   .          Rampage  .    (no gloves)
Will    .....                    (no boots) Stlth
                                 (no amulet)
HPRegen 0.29/turn                (no ring)
MPRegen 0.09/turn                (no ring)

@: weakened
A: horns 2, retaliatory headbutt
a: no special abilities


You were on level 4 of the Dungeon.
You visited 1 branch of the dungeon, and saw 4 of its levels.

You collected 217 gold pieces.

Inventory:

Hand Weapons
 a - a +0 war axe (weapon)
Armour
 b - a +0 scale mail (worn)
 c - a +0 buckler (worn)
 t - a +2 hat
Jewellery
 v - a +6 ring of dexterity
Wands
 u - a wand of flame (8)
Scrolls
 f - 6 scrolls of identify {unknown}
 h - a scroll of butterflies {unknown}
 i - a scroll of amnesia {unknown}
 j - a scroll of poison {unknown}
 m - a scroll of blinking {unknown}
 o - a scroll of silence {unknown}
 q - a scroll of teleportation {unknown}
 r - a scroll of fog {unknown}
 s - a scroll of fear {unknown}
 w - a scroll of enchant armour {unknown}
Potions
 d - a potion of might
 e - 2 potions of curing {unknown}
 g - 2 potions of degeneration {unknown}
 k - a potion of invisibility {unknown}
 l - a potion of berserk rage {unknown}
 n - a potion of lignification {unknown}
 p - a potion of mutation {unknown}
 x - a potion of attraction {unknown}


   Skills:
 + Level 5.3 Fighting
 + Level 4.6 Axes
 + Level 5.3 Armour
 + Level 5.3 Shields


You had 5 spell levels left.
You didn't know any spells.
Your spell library contained the following spells:

 Spells                   Type           Power      Damage    Failure   Level
 Magic Dart               Conj           0%         1d3       86%         1
 Call Imp                 Summ           0%         N/A       95%         2
 Mephitic Cloud           Conj/Pois/Air  0%         N/A       99%         3


Dungeon Overview and Level Annotations

Branches:
Dungeon (4/15)
 Temple: D:4-7

Altars:
Vehumet


Innate Abilities, Weirdness & Mutations

You have a pair of horns on your head.
You reflexively headbutt those who attack you in melee.


Message History

You kill the gnoll!
The gnoll barely misses you.
The gnoll bouda gazes fiercely through you!
You feel your attacks grow feeble.
The gnoll bouda hits you with a +0 whip.
You hit the gnoll bouda.
The gnoll bouda is almost dead.
The gnoll barely misses you. You block the gnoll bouda's attack.
The gnoll hits you from afar with a +0 halberd!
You are too injured to fight recklessly!
You are too injured to fight recklessly!
You are too injured to fight recklessly!
You closely miss the gnoll bouda.
The gnoll bouda is almost dead.
The gnoll bouda gazes fiercely through you!
You feel as though you will be weak longer.
The gnoll bouda barely misses you.
The gnoll hits you from afar with a +0 halberd.
The gnoll bouda mumbles some strange prayers to its god.
The gnoll bouda is healed somewhat.
You barely miss the gnoll bouda.
The gnoll bouda is severely wounded.
The gnoll closely misses you.
The gnoll bouda gazes fiercely through you!
You feel as though you will be weak longer.
The gnoll bouda hits you with a +0 whip.
* * * LOW HITPOINT WARNING * * *
You hit the gnoll bouda but do no damage.
Your headbutt misses the gnoll bouda.
The gnoll bouda is severely wounded.
The gnoll barely misses you. You block the gnoll bouda's attack.
The gnoll hits you from afar with a +0 halberd!
* * * LOW HITPOINT WARNING * * *
You closely miss the gnoll bouda.
The gnoll bouda is severely wounded.
The gnoll bouda barely misses you. You furiously retaliate!
You headbutt the gnoll bouda!
You kill the gnoll bouda!
The gnoll hits you from afar with a +0 halberd!
You die...

.###...............####
. #.........<.g...#..#
#.........รท........#
#.....##.....#.....# ..
#....##...#### .
#....<#....#.##
##.......$..)..#
#........##.....#
....#...@).###.....#
.## #...)$.....##..#
#......g...## .#
#.............. #
...##.........:. #..
..........#. ##
...........#
#.=#........#


You could see a gnoll (swift).

Vanquished Creatures
  A black bear (D:4)
  An orc priest (D:3)
  2 hounds (D:4)
  A gnoll bouda (D:4)
  An iguana (D:4)
  Robin (D:2)
  3 gnolls
  2 adders (D:2)
  An ufetubus (D:4)
  3 worms (D:3)
  A dart slug (D:1)
  4 orcs
  7 ball pythons
  An endoplasm (D:1)
  2 giant cockroaches (D:1)
  7 goblins
  12 hobgoblins
  2 jackals (D:3)
  5 kobolds
  2 quokkas
  5 bats
  4 frilled lizards
  4 rats
72 creatures vanquished.

Notes
Turn   | Place    | Note
-------+----------+-------------------------------------------
     0 | D:1      | DrKenneth the Minotaur Fighter began the quest for the Orb.
     0 | D:1      | Reached XP level 1. HP: 19/19 MP: 0/0
    68 | D:1      | Reached XP level 2. HP: 23/27 MP: 1/1
   789 | D:2      | Reached XP level 3. HP: 33/33 MP: 2/2
   965 | D:2      | Noticed Robin
   972 | D:2      | Killed Robin
   973 | D:2      | Reached XP level 4. HP: 23/41 MP: 3/3
  1483 | D:3      | Found a faded altar of an unknown god.
  1517 | D:3      | Found a radiant altar of Vehumet.
  1942 | D:4      | Reached XP level 5. HP: 46/47 MP: 4/4
  2126 | D:4      | Noticed a black bear
  2132 | D:4      | Killed a black bear
  2133 | D:4      | Reached skill level 5 in Fighting
  2133 | D:4      | Reached skill level 5 in Armour
  2133 | D:4      | Reached skill level 5 in Shields
  2156 | D:4      | Reached XP level 6. HP: 56/56 MP: 5/5
  2382 | D:4      | Mangled by a gnoll

Illustrated notes

Levels and vault maps discovered:
D:1:      wander_arrival_fairy_ring, layout_loops_ring, minmay_misc_feat_rows
D:2:      layout_rooms, serial_corexii_hall, corexii_hall_statues_l,
          chequers_hall_statues_corner_a, uniq_robin
D:3:      layout_loops_ring, vehumet_altar_wand_db,
          hellmonk_ecumenical_altar_run_dry, grunt_ministairs_2
D:4:      layout_cave_pools, nicolae_uskayaw_suspiria, nzn_wu_jian_council_hall

Skill      XL: |  1  2  3  4  5 |
---------------+----------------+-----
Fighting       | 4 5 |  5.3
Armour         | 4 5 |  5.3
Shields        | 4 5 |  5.3
Axes           | 3 4 |  4.6

Action                     |  1- 3 |  4- 6 || total
---------------------------+-------+-------++-------
  Melee: War axe           |    64 |    65 ||   129
         Headbutt          |    11 |    14 ||    25
 Armour: Scale mail        |    44 |    29 ||    73
  Dodge: Dodged            |    27 |    50 ||    77
  Block: Buckler           |    18 |    21 ||    39

Table legend: (Time is in decaauts)
 A = Elapsed time spent in this place.
 B = Non-inter-level travel time spent in this place.
 C = Inter-level travel time spent in this place.
 D = Time resting spent in this place.
 E = Time spent auto-exploring this place.
 F = Levels seen in this place.
 G = Mean time per level.
                   A        B        C        D        E       F      G
               +--------+--------+--------+--------+--------+-----+--------+
         Total |   2430 |   2233 |    197 |    197 |   1582 |   4 |  607.5 |
       Dungeon |   2430 |   2233 |    197 |    197 |   1582 |   4 |  607.5 |
               +--------+--------+--------+--------+--------+-----+--------+

Top non-repeatable levels by time:
     D:3: 1000 daAuts
     D:1: 785 daAuts
     D:2: 474 daAuts
     D:4: 170 daAuts
